 Dungeon Crawl Stone Soup version 0.23-b1-75-g379dba2534 (webtiles) character file.

Game seed: 1621212604493929441

1204 McKennaii the Slasher (level 8, -1/64 HPs)
             Began as a Demonspawn Fighter on Feb 7, 2019.
             Was an Initiate of Makhleb.
             Succumbed to Dowan's poison
             ... on level 5 of the Dungeon.
             The game lasted 00:10:57 (5078 turns).

McKennaii the Slasher (Demonspawn Fighter)          Turns: 5078, Time: 00:10:57

Health: -1/64      AC: 15    Str: 19    XL:     8   Next: 21%
Magic:  13/17      EV:  6    Int: 14    God:    Makhleb [......]
Gold:   186        SH:  9    Dex: 11    Spells: 7/7 levels left

rFire    . . .     SeeInvis .   p - +0 scimitar
rCold    . . .     Gourm    .   c - +0 shield
rNeg     . . .     Faith    .   j - +0 chain mail
rPois    .         Spirit   +   (helmet restricted)
rElec    .         Reflect  .   r - scarf {cloud immunity}
rCorr    .         Harm     .   v - +0 pair of gloves
MR       .....                  u - +2 pair of boots
Stlth    ..........             (no amulet)
HPRegen  0.20/turn              o - ring of stealth
MPRegen  0.15/turn              w - ring of magical power

@: brilliant, lethally poisoned (-1 -> -22), flying
A: antennae 1, claws 1, rugged brown scales 2, clumsy 1, screaming 1, magic
shield, rot immunity
a: Renounce Religion


You were on level 5 of the Dungeon.
You worshipped Makhleb.
Makhleb was noncommittal.
You were very hungry.

You visited 2 branches of the dungeon, and saw 7 of its levels.

You collected 186 gold pieces.

Inventory:

Hand Weapons
 p - a +0 scimitar (weapon)
Armour
 c - a +0 shield (worn)
 j - a +0 chain mail (worn)
 r - a scarf of cloud immunity (worn)
 u - a +2 pair of boots (worn)
 v - a +0 pair of gloves (worn)
Jewellery
 o - a ring of stealth (left hand)
 w - a ring of magical power (right hand)
Wands
 a - a wand of disintegration (21)
 g - a wand of paralysis (12)
 x - a wand of digging (6)
Scrolls
 b - 3 scrolls of enchant weapon {unknown}
 e - 9 scrolls of amnesia {unknown}
 h - 3 scrolls of identify {unknown}
 i - 2 scrolls of teleportation {unknown}
 l - a scroll of random uselessness {unknown}
 m - 4 scrolls of fog {unknown}
 n - 5 scrolls of magic mapping {unknown}
 y - a scroll of noise {unknown}
Potions
 d - 2 potions of might
 k - a potion of flight
 q - 2 potions of cancellation
 t - 2 potions of brilliance
Comestibles
 f - 7 rations


   Skills:
 + Level 4.4 Fighting
 + Level 6.3 Long Blades
 + Level 4.2 Armour
 + Level 2.2 Dodging
 + Level 0.2 Stealth
 + Level 4.8 Shields


You had 7 spell levels left.
You didn't know any spells.
Your spell library contained the following spells:

 Spells                   Type           Power        Failure   Level  Hunger
 Confusing Touch          Hex            #.....       67%         1    ##.....
 Confuse                  Hex            #.......     93%         3    ####...
 Gell's Gravitas          Tloc           #.........   93%         3    ####...
 Petrify                  Tmut/Erth      #.......     100%        4    #####..
 Metabolic Englaciation   Hex/Ice        #.........   100%        5    ######.
 Yara's Violent Unravell  Hex/Tmut       #.........   100%        5    ######.


Dungeon Overview and Level Annotations

Branches:
Dungeon (6/15)             Temple (1/1) D:5

Altars:
Ashenzari
Dithmenos
Elyvilon
Fedhas
Hepliaklqana
Kikubaaqudgha
Makhleb
Nemelex Xobeh
Qazlal
Ru
Sif Muna
Trog
Uskayaw
Xom
Yredelemnul
The Shining One


Innate Abilities, Weirdness & Mutations

You have sharp fingernails.
You are mostly covered in rugged brown scales. (AC +2, +5% HP)
When hurt, damage is shared between your health and your magic reserves.
You are immune to rotting.
You have a pair of small antennae on your head.
You are clumsy. (Dex -2)
You occasionally shout uncontrollably at your foes.


Message History

Autopickup is now off.
Autopickup is now on.
It was a potion of brilliance.
You feel clever all of a sudden.
* * * LOW HITPOINT WARNING * * *
You feel sick.
Unknown command.
Okay, then.
Okay, then.
You hit the orc wizard.
The orc wizard is lightly wounded.
* * * LOW HITPOINT WARNING * * *
You feel very sick.
The orc wizard hits you but does no damage.
The orc wizard barely misses you.
You riposte.
Your shield and chain mail prevent you from hitting the orc wizard.
The orc wizard is lightly wounded.
You closely miss the orc wizard.
The orc wizard is lightly wounded.
You die...

#.#..# #.# #
####.#..# #.. #
#...<...#####.# #
#....##....##.. #
#....#####.#### #
#....# #.####
############## #.####
#.....
......##...).######.#
######
......''.....'.o@>).#
...(..##.....########
......##.....#
......##.....#
......##.....#
##'########### #.#
#.# #.#


You could see an orc wizard.

Vanquished Creatures
  Edmund (D:4)
  Duvessa (D:5)
  2 eyes of draining (D:3)
  Dowan (D:5)
  A scorpion (D:4)
  A howler monkey (D:4)
  3 orc priests
  3 orc wizards
  A centaur skeleton (D:5)
  A hound (D:4)
  4 iguanas
  2 worker ants (D:4)
  A hound skeleton (D:4)
  4 gnolls (D:3)
  8 adders
  4 oozes
  An adder skeleton (D:4)
  A worm (D:3)
  2 dart slugs
  6 leopard geckos
  25 orcs
  A ball python (D:1)
  5 bats
  5 giant cockroaches
  11 goblins
  5 hobgoblins
  3 jackals (D:4)
  10 kobolds
  16 frilled lizards
  13 rats
142 creatures vanquished.

Notes
Turn   | Place    | Note
-------+----------+-------------------------------------------
     0 | D:1      | McKennaii the Demonspawn Fighter began the quest for the
                  | Orb.
     0 | D:1      | Reached XP level 1. HP: 18/18 MP: 1/1
    50 | D:1      | Gained mutation: You are partially covered in rugged brown
                  | scales. (AC +1, +3% HP) [demonic ancestry]
    50 | D:1      | Reached XP level 2. HP: 14/24 MP: 2/2
   333 | D:1      | Reached skill level 2 in Long Blades
   390 | D:1      | Reached XP level 3. HP: 24/29 MP: 3/3
   982 | D:2      | Reached skill level 1 in Dodging
  1080 | D:2      | Gained mutation: When hurt, damage is shared between your
                  | health and your magic reserves. [demonic ancestry]
  1080 | D:2      | Reached XP level 4. HP: 34/36 MP: 4/4
  1261 | D:2      | Found a deep blue altar of Sif Muna.
  1947 | D:3      | Reached skill level 3 in Long Blades
  2037 | D:3      | Reached XP level 5. HP: 36/42 MP: 5/5
  2316 | D:3      | Found a shattered altar of Ashenzari.
  2970 | D:3      | Found an ancient bone altar of Kikubaaqudgha.
  3004 | D:3      | Found a glowing golden altar of the Shining One.
  3093 | D:3      | Noticed an eye of draining
  3096 | D:3      | Found a bloodstained altar of Trog.
  3096 | D:3      | Noticed an eye of draining
  3104 | D:3      | Killed an eye of draining
  3104 | D:3      | Reached skill level 4 in Long Blades
  3104 | D:3      | Gained mutation: You have sharp fingernails. [demonic
                  | ancestry]
  3104 | D:3      | Reached XP level 6. HP: 48/49 MP: 0/6
  3450 | D:4      | Gained mutation: You are mostly covered in rugged brown
                  | scales. (AC +2, +5% HP) [demonic ancestry]
  3450 | D:4      | Reached XP level 7. HP: 28/55 MP: 3/7
  3473 | D:4      | Reached skill level 5 in Long Blades
  3734 | D:4      | Noticed Edmund
  3749 | D:4      | Killed Edmund
  4270 | D:5      | Entered Level 5 of the Dungeon
  4505 | D:5      | Gained mutation: You are immune to rotting. [demonic
                  | ancestry]
  4505 | D:5      | Reached XP level 8. HP: 63/63 MP: 8/8
  4517 | D:5      | Found a staircase to the Ecumenical Temple.
  4666 | Temple   | Entered the Ecumenical Temple
  4708 | Temple   | Became a worshipper of Makhleb the Destroyer
  4975 | D:5      | Reached skill level 6 in Long Blades
  4979 | D:6      | Noticed Dowan
  4982 | D:6      | Noticed Duvessa
  5069 | D:5      | Killed Duvessa
  5071 | D:5      | Killed Dowan
  5075 | D:5      | Gained mutation: You are clumsy. (Dex -2) [potion of
                  | mutation]
  5075 | D:5      | Gained mutation: You occasionally shout uncontrollably at
                  | your foes. [potion of mutation]
  5075 | D:5      | Gained mutation: You have a pair of small antennae on your
                  | head. [potion of mutation]
  5077 | D:5      | HP: 1/64 [poisoned by Dowan]
  5078 | D:5      | Succumbed to Dowan's poison

Skill      XL: |  1  2  3  4  5  6  7  8 |
---------------+-------------------------+-----
Shields        | 3 4 |  4.8
Long Blades    | 2 3 4 5 6 |  6.3
Dodging        | 1 2 |  2.2
Armour         | 3 4 |  4.2
Fighting       | 4 |  4.4
Stealth        | |  0.2

Action                   |  1- 3 |  4- 6 |  7- 9 || total
-------------------------+-------+-------+-------++-------
Melee: Long sword        |   140 |    97 |       ||   237
       Scimitar          |       |   219 |   169 ||   388
  Use: Potion            |     1 |     2 |     6 ||     9
  Eat: Chunk             |       |     5 |     5 ||    10
       Ration            |       |     1 |       ||     1
Armor: Scale mail        |    27 |       |       ||    27
       Chain mail        |    66 |   202 |    87 ||   355
Dodge: Dodged            |    31 |    68 |    51 ||   150
Block: Shield            |    85 |   179 |    85 ||   349
       Rpst.: Long sword |    10 |     9 |       ||    19
       Scimitar          |       |    16 |    20 ||    36
